 Dungeon Crawl Stone Soup version 0.29-a0-553-g81b289dbe5 (webtiles) character file.

Game seed: 2186861584084682623

79 Hubjo the Insei (level 4, -3/34 HPs)
             Began as a Demonspawn Transmuter on June 6, 2022.
             Was a Believer of Lugonu.
             Slain by Crazy Yiuf
             ... wielding a +4 quarterstaff of chaos
              (7 damage)
             ... on level 3 of the Dungeon.
             The game lasted 00:03:57 (2915 turns).

Hubjo the Insei (Demonspawn Transmuter)             Turns: 2915, Time: 00:03:58

Health: -3/34      AC:  2    Str: 10    XL:     4   Next: 17%
Magic:  6/7        EV: 12    Int: 14    God:    Lugonu [**....]
Gold:   197        SH:  0    Dex: 16    Spells: 7/8 levels left

rFire   . . .      SeeInvis .     - Unarmed
rCold   . . .      Faith    .   (no shield)
rNeg    . . .      Spirit   .   a - +0 robe
rPois   .          Reflect  .   (helmet currently unavailable)
rElec   .          Harm     .   k - scarf {repulsion}
rCorr   .          Rampage  .   (no gloves)
Will    .....                   (boots currently unavailable)
Stlth   ++........              (no amulet)
HPRegen 0.11/turn               (no ring)
MPRegen 0.10/turn               (no ring)

@: appendages, hasted, repel missiles, very quick
A: talons 2, horns 1, ignite blood 1
a: End Transformation, Renounce Religion, Depart the Abyss, Bend Space


You were on level 3 of the Dungeon.
You worshipped Lugonu.
Lugonu was pleased with you.
You had temporarily grown beastly talons.
You visited 1 branch of the dungeon, and saw 3 of its levels.

You collected 197 gold pieces.

Inventory:

Armour
 a - a +0 robe (worn)
 k - a scarf of repulsion (worn)
Scrolls
 e - 3 scrolls of identify {unknown}
 f - a scroll of immolation {unknown}
 h - a scroll of enchant weapon {unknown}
 i - a scroll of fear {unknown}
 j - a scroll of amnesia {unknown}
 l - a scroll of enchant armour {unknown}
 m - a scroll of poison {unknown}
Potions
 b - 2 potions of lignification
 c - a potion of attraction {unknown}
 d - 2 potions of curing {unknown}
 g - a potion of degeneration {unknown}
 n - a potion of berserk rage {unknown}
 o - 2 potions of flight {unknown}


   Skills:
 * Level 2.4 Fighting
 - Level 1.7 Dodging
 + Level 1.2 Stealth
 + Level 3.0 Unarmed Combat
 + Level 2.5 Spellcasting
 + Level 2.2 Transmutations


You had 7 spell levels left.
You knew the following spells:

 Your Spells              Type           Power      Damage    Failure   Level
a - Beastly Appendage     Tmut           16%        N/A       9%          1

Your spell library contained the following spells:

 Spells                   Type           Power      Damage    Failure   Level
 Wereblood                Tmut           8%         N/A       14%         2
 Spider Form              Tmut/Pois      4%         N/A       38%         3
 Ice Form                 Ice/Tmut       4%         N/A       80%         4
 Freezing Cloud           Conj/Ice/Air   0%         6-21      99%         5
 Simulacrum               Ice/Necr       0%         N/A       100%        6
 Polar Vortex             Ice            0%         N/A       100%        9


Dungeon Overview and Level Annotations

Branches:
Dungeon (3/15)

Altars:
Lugonu

Annotations:
D:3 3 runed translucent doors, Crazy Yiuf; Zonian's ghost, amateur SpAK


Innate Abilities, Weirdness & Mutations

You have temporarily grown beastly talons.
You have a pair of small horns on your head.
Your demonic aura sometimes causes spilled blood to erupt in flames.


Message History

Nothing appears to happen.
The helpless endoplasm fails to defend itself.
You hit the endoplasm.
The endoplasm is severely wounded.
The endoplasm freezes you.
You are frozen.
Your magical contamination has completely faded away.
You hit the endoplasm.
You kill the endoplasm!
Lugonu accepts your kill.
No target in view!
No target in view!
No target in view!
No target in view!
Found a stone staircase leading down.
There is a stone staircase leading down here.
Found a mace.
Found a runed translucent door.
Crazy Yiuf laughs, "Candle!"
There is a shaft here.
Zonian's ghost turns its malevolent gaze towards you.
Key pressed, stopping explore.
Could not explore, unopened runed door.
Your feet morph into talons.
You open the door.
Crazy Yiuf flaps his cloak.
You closely miss Crazy Yiuf. You headbutt Crazy Yiuf.
Crazy Yiuf is lightly wounded.
Crazy Yiuf hits you with a +4 quarterstaff of chaos!
You feel yourself speed up.
You hit Crazy Yiuf. You claw Crazy Yiuf, but do no damage.
You headbutt Crazy Yiuf.
Crazy Yiuf is heavily wounded.
Crazy Yiuf says, "Liver!"
Crazy Yiuf hits you with a +4 quarterstaff of chaos!
You are electrocuted!
* * * LOW HITPOINT WARNING * * *
You hit Crazy Yiuf.
Crazy Yiuf is severely wounded.
Crazy Yiuf hits you with a +4 quarterstaff of chaos!
You die...

#.##.......####.....#
.................####
...^........######
##......#####
###.....# ..#.....#
........#### ###
.##.......P## ###..)#
###.........####@g...#
#..........#..##...#
#.......P.#.### ###
#<....####### ##....#
##...# #####


You could see Crazy Yiuf.

Vanquished Creatures
  4 adders
  2 worms
  An orc (D:3)
  4 endoplasms
  A giant cockroach (D:1)
  9 goblins
  4 hobgoblins
  3 kobolds
  A quokka (D:3)
  2 bats
  2 frilled lizards
  3 rats
36 creatures vanquished.

Vanquished Creatures (others)
  7 fungi (D:2)
  6 plants (D:2)
13 creatures vanquished.

Grand Total: 49 creatures vanquished

Notes
Turn   | Place    | Note
-------+----------+-------------------------------------------
     0 | D:1      | Hubjo the Demonspawn Transmuter began the quest for the
                  | Orb.
     0 | D:1      | Reached XP level 1. HP: 15/15 MP: 3/3
   737 | D:2      | Gained mutation: Your demonic aura sometimes causes spilled
                  | blood to erupt in flames. [demonic ancestry]
   737 | D:2      | Reached XP level 2. HP: 21/21 MP: 3/5
  1408 | D:2      | Reached XP level 3. HP: 27/27 MP: 4/6
  1739 | D:2      | Reached skill level 3 in Unarmed Combat
  1777 | D:2      | Reached skill level 1 in Stealth
  2049 | D:2      | Found a faded altar of an unknown god.
  2184 | D:2      | Prayed at the altar of an unknown god.
  2184 | D:2      | Became a worshipper of Lugonu the Unformed
  2184 | D:2      | Reached * piety under Lugonu
  2184 | D:2      | Reached ** piety under Lugonu
  2297 | D:3      | Mutation became permanent: You have a pair of small horns
                  | on your head. [demonic ancestry]
  2297 | D:3      | Gained mutation: You have a pair of horns on your head.
                  | [demonic ancestry]
  2297 | D:3      | Reached XP level 4. HP: 28/34 MP: 5/7
  2547 | D:3      | Found a runed translucent gate.
  2548 | D:3      | Found a runed translucent gate.
  2549 | D:3      | Found a runed translucent gate.
  2551 | D:3      | Noticed Zonian's ghost (amateur SpAK)
  2798 | D:3      | Found a runed translucent door.
  2799 | D:3      | Noticed Crazy Yiuf
  2915 | D:3      | Slain by Crazy Yiuf

Illustrated notes

Levels and vault maps discovered:
D:1:      lightli_arrival_boilingwater, layout_basic
D:2:      layout_basic, shapermc_ecumenical_altar_mp_ritualfount, minivault_11,
          chequers_serial_rivers_room_b
D:3:      layout_rooms, ebering_ghost_rock_garden, uniq_crazy_yiuf_cottage

Skill      XL: |  1  2  3 |
---------------+----------+-----
Transmutations | 2 |  2.2
Fighting       | 2 |  2.4
Unarmed Combat | 3 |  3.0
Stealth        | 1 |  1.2
Dodging        | |  1.7
Spellcasting   | |  2.5

Action                   |  1- 3 |  4- 6 || total
-------------------------+-------+-------++-------
Melee: Unarmed           |    90 |    20 ||   110
       Kick              |    18 |     4 ||    22
       Headbutt          |     8 |     3 ||    11
       Punch             |       |     1 ||     1
 Cast: Beastly Appendage |    22 |     5 ||    27
 Stab: Sleeping          |     1 |     2 ||     3
Armor: Robe              |     8 |       ||     8
Dodge: Dodged            |    40 |     9 ||    49

Table legend: (Time is in decaauts)
 A = Elapsed time spent in this place.
 B = Non-inter-level travel time spent in this place.
 C = Inter-level travel time spent in this place.
 D = Time resting spent in this place.
 E = Time spent auto-exploring this place.
 F = Levels seen in this place.
 G = Mean time per level.
                   A        B        C        D        E       F      G
               +--------+--------+--------+--------+--------+-----+--------+
         Total |   2913 |   2831 |     82 |    150 |   2305 |   3 |  971.0 |
       Dungeon |   2913 |   2831 |     82 |    150 |   2305 |   3 |  971.0 |
               +--------+--------+--------+--------+--------+-----+--------+

Top non-repeatable levels by time:
     D:2: 1545 daAuts
     D:1: 724 daAuts
     D:3: 643 daAuts
